Map: Thunderbird LE

Players

ShoWTimE - Winner!

  • Race: Protoss Protoss
  • League: Grandmaster
  • Spawn Location: 5:00

BlyOnFire (Bly)

  • Race: Zerg Zerg
  • League: Grandmaster
  • Spawn Location: 11:00

Event: HomeStory Cup XX

VOD

Have the link to the VOD?

Description

Time

  • Played on: Nov. 22, 2019, noon
  • Length: 9:56

All games in this series

Show
View Real Time Build Order
Export as new Build Order

ShoWTimE Protoss - Winner!

Build Orders:  

Get SALT Encoding   

  12  0:00  Probe  
  13  0:12  Probe  
  14  0:18  Pylon  
  14  0:24  Probe  
  15  0:32  Probe  
  15  0:38  Gateway  
  15  0:40  Probe  
  16  0:46  Assimilator  
  17  0:51  Probe  
  18  1:03  Probe  
  19  1:15  Probe  
  20  1:26  Cybernetics Core  
  20  1:27  Probe  
  21  1:33  Pylon  
  21  1:39  Probe  
  22  1:40  Warp Gate  
  22  1:42  Assimilator  
  22  1:45  Gateway  
  22  1:51  Probe  
  23  2:03  Stalker  
  25  2:10  Probe  
  26  2:22  Shield Battery, Probe  
  27  2:31  Gateway x2  
  27  2:33  Stalker  
  29  2:44  Pylon  
  29  2:48  Stalker  
  30  2:55  Pylon  
  30  3:05  Shield Battery  
  30  3:17  Shield Battery  
  30  3:28  Adept x2  
  30  3:31  Sentry  
  36  3:34  Stalker  
  36  3:37  Probe  
  39  3:44  Pylon  
  39  3:56  Shield Battery  
  39  4:02  Pylon  
  39  4:09  Stalker  
  37  4:10  Stalker  
  40  4:20  Adept x2  
  43  4:29  Shield Battery  
  44  4:31  Probe  
  44  4:33  Sentry  
  44  4:38  Sentry  
  48  4:47  Adept  
  48  4:51  Pylon  
  50  4:53  Phoenix  
  50  5:03  Stalker  
  50  5:04  Stalker  
  50  5:16  Probe  
  50  5:18  Pylon  
  51  5:36  Pylon  
  51  5:42  Adept x3  
  57  5:46  Adept  
  57  5:47  Probe  
  60  6:11  Probe  
  60  6:16  Phoenix  
  61  6:19  Nexus  
  61  6:23  Probe  
  62  6:37  Robotics Facility  
  62  6:38  Probe  
  55  6:51  Probe  
  56  6:57  Adept x2  
  60  7:03  Probe  
  60  7:05  Pylon  
  61  7:14  Twilight Council  
  61  7:15  Probe  
  62  7:18  Observer  
  62  7:27  Probe  
  62  7:29  Probe  
  64  7:35  Probe  
  64  7:36  Stalker x3  
  67  7:37  Probe  
  67  7:43  Probe  
  69  7:45  Charge  
  69  7:46  Probe  
  69  7:49  Immortal  
  75  7:59  Assimilator  
  75  8:00  Probe  
  75  8:01  Assimilator  
  75  8:02  Probe  
  77  8:13  Probe  
  77  8:16  Gateway x2  
  76  8:28  Zealot x3  
  76  8:31  Warp Prism  
  82  8:36  Templar Archives  
  84  8:51  Zealot  
  84  8:53  Pylon  
  86  8:57  Pylon  
  86  9:06  Immortal  
  86  9:12  Pylon  
  86  9:13  High Templar  
  86  9:15  High Templar  
  94  9:19  Archon  
  94  9:20  High Templar x2  
  98  9:24  Pylon, Archon  
  98  9:30  Zealot x2  
  102  9:37  Pylon  
Show
View Real Time Build Order
Export as new Build Order

BlyOnFire Zerg 

Build Orders: Hatch First 

Get SALT Encoding   

  12  0:01  Drone  
  13  0:09  Drone  
  14  0:19  Overlord  
  14  0:24  Extractor, Drone  
  15  0:38  Drone  
  15  0:39  Drone  
  17  0:53  Hatchery  
  16  0:59  Drone  
  16  1:02  Drone  
  18  1:13  Extractor  
  18  1:16  Spawning Pool  
  16  1:19  Drone  
  16  1:21  Drone  
  18  1:27  Drone  
  19  1:38  Drone  
  20  1:48  Drone  
  20  1:53  Extractor  
  20  2:03  Roach Warren  
  20  2:04  Queen  
  20  2:05  Queen  
  20  2:07  Zergling x2  
  24  2:12  Overlord  
  24  2:18  Metabolic Boost  
  24  2:29  Drone  
  26  2:30  Drone  
  26  2:49  Roach x3  
  26  2:50  Overlord  
  31  2:57  Overlord  
  31  3:01  Roach  
  33  3:06  Zergling x4  
  35  3:18  Roach  
  38  3:20  Zergling x4  
  39  3:29  Ravager x3  
  42  3:34  Zergling x6  
  42  3:40  Zergling x4  
  47  3:48  Zergling x4  
  49  3:49  Ravager  
  50  4:01  Drone x3  
  45  4:14  Drone  
  44  4:25  Overlord  
  44  4:37  Overlord  
  43  4:53  Drone x3  
  44  5:04  Drone  
  42  5:15  Drone  
  43  5:30  Roach  
  43  5:31  Roach x2  
  43  5:44  Roach x2  
  46  5:51  Roach  
  46  5:57  Drone x3  
  51  6:02  Ravager  
  49  6:17  Drone  
  41  6:47  Drone x2  
  43  7:01  Drone x3  
  46  7:19  Overlord  
  46  7:20  Overlord  
  43  7:41  Drone  
  43  7:42  Drone  
  45  7:49  Hatchery  
  44  8:00  Zergling x8  
  48  8:10  Spore Crawler  
  45  8:24  Drone x2  
  47  8:34  Drone x2  
  48  8:36  Drone  
  49  8:48  Drone x3  
  52  8:57  Overlord  
  52  9:01  Overlord  
  52  9:09  Roach x2  
  56  9:13  Ravager  
  56  9:14  Ravager x2  
  59  9:20  Ravager  
  60  9:28  Roach  
  60  9:30  Ravager  
Tags
 
Add a new tag
Caveats
  • Supply blocks, unpowered buildings, or Contaminate may cause inaccurate times.
  • Supply counts are checked every 10 seconds.